AoeStats
← juanitox3857

Arabia

509922952Analyzed
2v2 RM · 3d ago on Sep 28, 2026· 63m 43s· 4 players
Game mode
Random Map
Map size
Medium (4 player)
Population
200
Speed
Normal
Resources
Standard
Victory
Conquest
Starting age
Dark Age
Ending age
Imperial Age
RankedLock teamsTeams togetherTeam positionsShared explorationLock speedFull tech treeHidden civsTurbo modeCheats
Victory
Defeat
🇺🇸 Tupi · United States
720
+14
🇨🇴 Romans · Colombia
711
+14
🇫🇷 Persians · France
670
-14
🇩🇪 Portuguese · Germany
665
-14
julien315550
0:33 Loom
11:46 Feudal Age
12:37 Double-Bit Axe
12:34 Horse Collar
13:32 Wheelbarrow
25:17 Castle Age
25:18 Pikeman
27:08 Bow Saw
27:00 Heavy Plow
29:15 Hand Cart
37:33 Stone Mining
37:34 Gold Mining
39:18 Caravan
39:49 Coinage
41:06 Stone Shaft Mining
41:06 Gold Shaft Mining
40:34 Scale Mail Armor
40:40 Scale Barding Armor
40:45 Forging
42:10 Kamandaran
42:29 Chain Mail Armor
47:53 Iron Casting
48:24 Chain Barding Armor
52:06 Imperial Age
49:22 Town Watch
52:43 Conscription
53:31 Crop Rotation
54:10 Two-Man Saw
54:25 Guilds
54:05 Heavy Camel Rider
56:16 Banking
62:19 Light Cavalry
63:10 Bloodlines
63:39 Plate Barding Armor
63:35 Plate Mail Armor
SHK
0:58 Loom
12:57 Feudal Age
21:07 Wheelbarrow
20:18 Town Watch
20:37 Horse Collar
20:45 Double-Bit Axe
23:02 Castle Age
20:54 Town Watch
25:43 Bow Saw
30:32 Imperial Age
30:39 Scale Barding Armor
30:35 Padded Archer Armor
30:25 Fletching
30:46 Forging
33:07 Cavalier
34:42 Crossbowman
37:58 Arbalester
39:30 Ballistics
40:37 Iron Casting
50:43 Chemistry
51:37 Blast Furnace
50:33 Bodkin Arrow
50:54 Leather Archer Armor
51:00 Chain Barding Armor
53:01 Heated Shot
juanitox3857
10:15 Feudal Age
21:19 Castle Age
24:23 Horse Collar
24:28 Double-Bit Axe
26:42 Gold Mining
26:43 Stone Mining
26:31 Crossbowman
28:22 Forging
28:13 Scale Mail Armor
28:05 Fletching
28:15 Padded Archer Armor
36:48 Imperial Age
36:42 Iron Casting
36:23 Chain Mail Armor
38:46 Chemistry
41:41 Plate Mail Armor
41:06 Bodkin Arrow
45:07 Caciques
45:08 Curare
51:25 Bracer
51:40 Leather Archer Armor
52:05 Elite Ibirapema Warrior
55:12 Pikeman
55:53 Squires
56:28 Ring Archer Armor
59:28 Elite Skirmisher
60:57 Bow Saw
crirob2016
0:30 Loom
10:25 Feudal Age
11:13 Double-Bit Axe
12:55 Wheelbarrow
12:14 Gold Mining
15:55 Forging
18:32 Man-at-Arms
20:07 Scale Mail Armor
21:50 Bloodlines
27:15 Castle Age
25:27 Scale Barding Armor
25:22 Padded Archer Armor
25:12 Fletching
27:57 Town Watch
27:37 Pikeman
28:18 Squires
27:54 Long Swordsman
32:30 Husbandry
32:41 Stone Mining
39:11 Imperial Age
39:27 Chain Mail Armor
40:21 Chain Barding Armor
40:37 Iron Casting
40:18 Leather Archer Armor
39:54 Fletching
40:17 Town Patrol
42:47 Chemistry
42:09 Ballistics
43:06 Hand Cart
43:08 Bow Saw
44:30 Heavy Scorpion
45:16 Sappers
47:05 Gold Shaft Mining
46:54 Conscription
46:49 Horse Collar
47:48 Plate Barding Armor
48:14 Blast Furnace
46:58 Elite Skirmisher
48:34 Onager
48:34 Capped Ram
49:27 Siege Ram
58:17 Bodkin Arrow
60:26 Ballistas
59:52 Legionary
59:56 Halberdier
Connection lost

Rejoining the realm…

Still unreachable

The connection could not be restored.

Session expired

The server has moved on; the page needs a fresh start.